 Dungeon Crawl Stone Soup version 0.19-a0-1100-g56b2fe9 (webtiles) character file.

88 Jmtri7 the Slasher (level 4, -3/33 HPs)
             Began as a Merfolk Gladiator on Aug 8, 2016.
             Slain by an orc priest
             ... wielding a +2 hand axe of chopping
              (4 damage)
             ... on level 3 of the Dungeon.
             The game lasted 00:05:15 (2522 turns).

Jmtri7 the Slasher (Merfolk Gladiator)              Turns: 2522, Time: 00:05:16

Health: -3/33      AC:  5    Str: 15    XL:     4   Next: 54%
Magic:  4/4        EV: 14    Int:  7    God:
Gold:   151        SH:  0    Dex: 15    Spells: 0 memorised, 3 levels left

rFire  . . .     SeeInvis .     j - +0 dagger (speed)
rCold  . . .     Gourm    .     b - +0 leather armour
rNeg   . . .     Faith    .     (no shield)
rPois  .         Spirit   .     c - +0 helmet
rElec  .         Dismiss  +     g - +0 cloak
rCorr  .         Reflect  .     (no gloves)
SustAt .         Harm     .     (no boots)
MR     .....                    l - amulet of dismissal
Stlth  +.........               (no ring)
                                (no ring)

@:
A: change form in water, swift swim
a: no special abilities


You were on level 3 of the Dungeon.
You were not hungry.

You visited 1 branch of the dungeon, and saw 3 of its levels.

You collected 151 gold pieces.

Inventory:

Hand Weapons
 a - a +0 long sword
 j - a +0 dagger of speed (weapon)
Missiles
 d - 3 throwing nets (quivered)
Armour
 b - a +0 leather armour (worn)
 c - a +0 helmet (worn)
 g - a +0 cloak (worn)
Jewellery
 l - an amulet of dismissal (around neck)
Scrolls
 e - a scroll of identify
 h - a scroll of immolation
 t - 2 scrolls of teleportation {unknown}
 u - 3 scrolls of magic mapping {unknown}
Potions
 i - a potion of flight
 m - a potion of degeneration {unknown}
 q - a potion of resistance {unknown}
 r - a potion of might {unknown}
 s - a potion of heal wounds {unknown}
 v - 2 potions of agility {unknown}
 w - 2 potions of haste {unknown}
Comestibles
 f - a bread ration
 k - 4 fruits
 o - a slice of pizza
 p - a beef jerky


   Skills:
 - Level 2.1 Fighting
 + Level 5.7 Long Blades
 - Level 2.0 Throwing
 - Level 4.0 Dodging


You had 3 spell levels left.
You didn't know any spells.

Dungeon Overview and Level Annotations

Branches:
Dungeon (3/15)

Altars:
Makhleb
Ru

Annotations:
D:3 Crazy Yiuf


Message History

The orc priest looks braver for a moment.
You hit the orc priest but do no damage.
The orc priest is heavily wounded.
You barely miss the orc priest.
The orc priest is heavily wounded.
The orc priest hits you with a hand axe of chopping.
* * * LOW HITPOINT WARNING * * *
x2 The orc wizard looks braver for a moment.
You hit the orc priest but do no damage.
The orc priest is heavily wounded.
As you read the scroll labeled KYUVIBR BOYNT, it crumbles to dust.
It is a scroll of identify.
i - a potion of flight The orc priest hits you with a hand axe of chopping.
* * * LOW HITPOINT WARNING * * *
x2
As you read the scroll labeled UMUAZU QUFA, it crumbles to dust.
The creatures around you are filled with an inner flame!
It was a scroll of immolation.
The orc priest hits you with a hand axe of chopping.
You die... ... #......# #.......#......# #...... #.....## #..... #......# ### ###.... ######.# ... ..... #.# #.. .oo

#.# #.##o#
########.# #.#@#
#........# #.(#
#.#####..#
##.#.#####.#####..#
#...((............#
#.#########.#####.##
#.# #.#####.# ##
#.......# #########


You could see an orc priest (inner flame), an orc wizard (inner flame) and an
orc (inner flame).

Vanquished Creatures
  2 adders
  A worm (D:2)
  A dart slug (D:1)
  2 giant geckos
  10 orcs (D:3)
  A ball python (D:2)
  A giant cockroach (D:2)
  4 goblins
  10 hobgoblins
  6 kobolds
  A quokka (D:2)
  5 bats
  2 giant newts
  3 rats (D:2)
49 creatures vanquished.

Notes
Turn   | Place    | Note
-------+----------+-------------------------------------------
     0 | D:1      | Jmtri7 the Merfolk Gladiator began the quest for the Orb.
     0 | D:1      | Reached XP level 1. HP: 16/16 MP: 1/1
   131 | D:1      | Reached XP level 2. HP: 18/22 MP: 2/2
   140 | D:1      | Reached skill level 4 in Long Blades
   827 | D:2      | Reached XP level 3. HP: 22/27 MP: 3/3
  1294 | D:2      | Found a sacrificial altar of Ru.
  1593 | D:2      | Reached skill level 5 in Long Blades
  2036 | D:3      | Reached XP level 4. HP: 28/33 MP: 4/4
  2250 | D:3      | Found a runed door.
  2258 | D:3      | Noticed Crazy Yiuf
  2315 | D:3      | Found a burning altar of Makhleb.
  2521 | D:3      | HP: 1/33 [orc priest/hand axe of chopping (1)]
  2522 | D:3      | Slain by an orc priest

Vault maps used:
D:1:      scummos_arrival_simple_crosswalls
D:2:      nicolae_ru_path_of_blood
D:3:      overflow_temple_1_default, uniq_crazy_yiuf_cottage

Skill      XL: |  1  2  3 |
---------------+----------+-----
Long Blades    | 4 5 |  5.7
Fighting       | |  2.1
Throwing       | |  2.0
Dodging        | |  4.0

Action                   |  1- 3 |  4- 6 || total
-------------------------+-------+-------++-------
Melee: Long sword        |    25 |       ||    25
       Dagger            |   164 |   116 ||   280
  Use: Scroll            |       |     2 ||     2
 Stab: Sleeping          |     1 |       ||     1
  Eat: Chunk             |     3 |     2 ||     5
Armor: Leather armour    |    32 |    15 ||    47
Dodge: Dodged            |    80 |    58 ||   138
